Montreal Canadiens vs Boston Bruins
Created - Thursday, March 13, 2025 at 08:52
Goals
|
| Montreal Canadiens |
1 |
1 |
2 |
1 |
5 |
| Boston Bruins |
1 |
2 |
1 |
0 |
4 |
|
Shots
|
| Montreal Canadiens |
14 |
15 |
11 |
1 |
41 |
| Boston Bruins |
18 |
11 |
8 |
0 |
37 |
|
1st period
1. Boston Bruins , Joel Farabee 10 (Andrew Copp 9) at 6:13
2. Montreal Canadiens , Damon Severson 3 (Teddy Blueger 4, Vladimir Tarasenko 13) at 19:48 (PP)
Penalties :
Anders Lee (BOS) for Slashing (Minor) at 1:03, Ilya Lyubushkin (MTL) for Roughing (Minor) at 11:57, Connor Clifton (BOS) for Holding (Minor) at 18:46
2nd period
3. Boston Bruins , Joel Farabee 11 (Andrew Copp 10, John Ludvig 3) at 11:01
4. Montreal Canadiens , Dylan Larkin 17 (Martin Necas 15) at 19:06 (PP)
5. Boston Bruins , Matthew Beniers 2 (Anders Lee 7, Morgan Geekie 10) at 19:48
Penalties :
Juraj Slafkovsky (MTL) for Interference (Minor) at 15:41, Yegor Zamula (BOS) for Holding Stick (Minor) at 18:22
3rd period
6. Montreal Canadiens , Teddy Blueger 4 (Martin Necas 16, Patrik Laine 12) at 12:15
7. Montreal Canadiens , Juraj Slafkovsky 5 (Dylan Larkin 18, Adam Fox 11) at 14:21
8. Boston Bruins , Vincent Trocheck 11 (Alex Newhook 16, Ryan Strome 8) at 19:43
Penalties :
Connor Clifton (BOS) for Tripping (Minor) at 6:07
Overtime #1
9. Montreal Canadiens , Dylan Larkin 18 (Martin Necas 17, Adam Fox 12) at 0:16
Penalties :
No Penalty
Goalie Stats
Calle Clang (MTL), 33 saves from 37 shots - (0.892), W, 5-2-0, 60:16 minutes
Petr Mrazek (BOS), 36 saves from 41 shots - (0.878), OTL, 9-5-1, 59:05 minutes
Players Stats for Montreal Canadiens
Player Name G A P +/- PIM S H SB GA TA FO MP PP MP PK MP
------------------------------------------------------------------------------------
Adam Fox 0 2 2 0 0 0 0 1 3 0 0/0 26:43 2:55 1:45
Alex Iafallo 0 0 0 0 0 5 1 0 0 0 0/1 10:54 0:00 1:53
Andreas Athanasiou 0 0 0 0 0 0 0 0 0 1 0/1 9:01 0:00 0:00
Brady Skjei 0 0 0 -1 0 5 2 0 0 0 0/0 25:44 2:49 1:45
Damon Severson 1 0 1 0 0 3 1 0 0 0 0/0 21:42 2:49 2:13
Dylan Larkin 2 1 3 -1 0 7 1 0 1 0 15/32 19:46 2:50 0:00
Ethen Frank 0 0 0 0 0 0 1 0 0 0 2/2 9:01 0:00 0:00
Evgeni Dadonov 0 0 0 0 0 3 2 0 0 0 0/0 10:09 0:00 0:34
Ilya Lyubushkin 0 0 0 -1 2 0 2 0 0 0 0/0 11:49 0:00 0:00
Jack Johnson 0 0 0 -1 0 1 0 1 0 1 0/0 11:51 0:00 0:00
Jake Evans 0 0 0 -1 0 1 1 0 0 0 1/1 12:15 0:00 1:45
Juraj Slafkovsky 1 0 1 -1 2 1 0 1 1 1 0/0 18:34 2:50 0:00
Justin Faulk 0 0 0 1 0 1 1 0 0 0 0/0 22:47 2:55 2:13
Martin Necas 0 3 3 1 0 2 2 0 3 0 0/2 18:01 2:50 0:00
Patrik Laine 0 1 1 0 0 5 0 0 3 1 0/0 18:16 2:54 0:20
Ryan Poehling 0 0 0 0 0 1 1 0 0 0 6/7 11:28 0:00 1:53
Teddy Blueger 1 1 2 -1 0 2 2 0 0 0 19/27 20:22 2:54 1:31
Vladimir Tarasenko 0 1 1 -1 0 4 3 2 1 0 2/6 18:41 2:54 0:00
Players Stats for Boston Bruins
Player Name G A P +/- PIM S H SB GA TA FO MP PP MP PK MP
------------------------------------------------------------------------------------
Alex Newhook 0 1 1 1 0 0 2 0 0 1 0/0 16:08 1:56 0:00
Anders Lee 0 1 1 0 2 1 0 0 2 0 0/0 14:41 0:00 0:00
Andrew Copp 0 2 2 0 0 4 2 0 0 2 8/23 18:24 2:02 2:56
Angus Crookshank 0 0 0 0 0 0 1 0 0 0 0/0 8:10 0:00 0:00
Connor Clifton 0 0 0 -1 4 1 2 1 0 2 0/0 24:10 2:35 0:55
Eetu Luostarinen 0 0 0 0 0 2 0 0 1 0 3/5 8:10 0:00 0:00
Evander Kane 0 0 0 0 0 2 1 0 0 0 0/1 15:28 2:02 0:00
Joel Farabee 2 0 2 0 0 6 2 0 0 1 0/1 18:24 2:02 2:48
John Ludvig 0 1 1 1 0 1 1 3 0 4 0/0 18:33 0:00 4:14
John-Jason Peterka 0 0 0 0 0 1 0 0 0 0 0/0 8:10 0:00 0:00
Kaedan Korczak 0 0 0 1 0 0 0 2 0 1 0/0 17:13 1:23 0:00
Matthew Beniers 1 0 1 1 0 3 1 0 0 0 4/13 14:22 0:00 0:00
Morgan Geekie 0 1 1 1 0 4 1 2 0 1 0/1 14:22 0:00 0:00
Ryan Strome 0 1 1 1 0 0 1 3 0 0 3/6 19:04 1:56 2:48
Torey Krug 0 0 0 1 0 0 0 3 0 0 0/0 25:58 1:23 3:08
Ty Emberson 0 0 0 -1 0 1 4 3 0 0 0/0 20:17 2:35 3:11
Vincent Trocheck 1 0 1 0 0 10 3 2 1 0 16/29 19:20 1:56 2:56
Yegor Zamula 0 0 0 1 2 1 2 2 0 0 0/0 14:22 0:00 0:00
3 Stars
1 - Dylan Larkin (MTL)
2 - Joel Farabee (BOS)
3 - Martin Necas (MTL)
Power Play
Montreal Canadiens - 2 on 4 Attempt(s) - 50.00%
Boston Bruins - 0 on 2 Attempt(s) - 0.00%
Penalty Kill
Montreal Canadiens - 2 on 2 Attempt(s) - 100.00%
- Score 0 goal in Penalty Kill
Boston Bruins - 2 on 4 Attempt(s) - 50.00%
- Score 0 goal in Penalty Kill
Team Stat
Montreal Canadiens - Hits : 20 - Faceoff Wins : 45 - Blocked Shots : 5 - Penalty Minutes : 4
Boston Bruins - Hits : 23 - Faceoff Wins : 34 - Blocked Shots : 21 - Penalty Minutes : 8
Official
Referees : Cody Beach and Chris Schlenker
Linesman : Justin Johnson and Tyson Baker
Game Notes
12:15 of 3rd period - Montreal Canadiens goal is going for a video replay. After video review, Goal.
Finance
Level 1 -- Attendance: 4669 (77.82%) -- Ticket Income $466,900
Level 2 -- Attendance: 3708 (74.16%) -- Ticket Income $222,480
Level 3 -- Attendance: 2495 (83.17%) -- Ticket Income $87,325
Level 4 -- Attendance: 3422 (68.44%) -- Ticket Income $85,550
Luxury Box -- Attendance: 704 (70.40%) -- Ticket Income $140,800
Game was played at the TD Garden.
Total Attendance: 14998 (74.99%)
Total Ticket Income: $1,003,055
Other Income: $351,069
Total Income: $1,354,124
Montreal Canadiens
5 vs 5 Forward
Center Left Wing Right Wing Time % Phy DF OF
1 Dylan Larkin Juraj Slafkovsky Vladimir Tarasenko 35 0 1 4
2 Teddy Blueger Patrik Laine Martin Necas 35 0 1 4
3 Ryan Poehling Evgeni Dadonov Jake Evans 20 0 2 3
4 Ethen Frank Andreas Athanasiou Alex Iafallo 10 0 2 3
5 vs 5 Defense
Defense Defense Time % Phy DF OF
1 Adam Fox Brady Skjei 35 0 3 2
2 Damon Severson Justin Faulk 30 0 3 2
3 Ilya Lyubushkin Jack Johnson 20 0 5 0
4 Adam Fox Brady Skjei 15 0 3 2
PowerPlay Forward
Center Left Wing Right Wing Time % Phy DF OF
1 Dylan Larkin Juraj Slafkovsky Martin Necas 50 0 0 5
2 Teddy Blueger Vladimir Tarasenko Patrik Laine 50 0 0 5
PowerPlay Defense
Defense Defense Time % Phy DF OF
1 Justin Faulk Adam Fox 50 0 0 5
2 Brady Skjei Damon Severson 50 0 0 5
Penalty Kill 4 Players Forward
Center Wing Time % Phy DF OF
1 Jake Evans Teddy Blueger 50 0 5 0
2 Ryan Poehling Alex Iafallo 50 0 5 0
Penalty Kill 4 Players Defense
Defense Defense Time % Phy DF OF
1 Adam Fox Brady Skjei 50 0 5 0
2 Damon Severson Justin Faulk 50 0 5 0
Penalty Kill - 3 Players Forward
Forward Time % Phy DF OF
1 Jake Evans 50 0 5 0
2 Teddy Blueger 50 0 5 0
Penalty Kill - 3 Players Defense
Defense Defense Time % Phy DF OF
1 Adam Fox Brady Skjei 50 0 5 0
2 Damon Severson Justin Faulk 50 0 5 0
4 vs 4 Forward
Center Wing Time % Phy DF OF
1 Dylan Larkin Martin Necas 50 1 2 2
2 Ryan Poehling Vladimir Tarasenko 50 1 2 2
4 vs 4 Defense
Defense Defense Time % Phy DF OF
1 Justin Faulk Adam Fox 50 1 3 1
2 Brady Skjei Damon Severson 50 1 3 1
Last Minutes Offensive
Center Left Wing Right Wing Defense Defense
Dylan Larkin Juraj Slafkovsky Martin Necas Adam Fox Brady Skjei
Last Minutes Defensive
Center Left Wing Right Wing Defense Defense
Dylan Larkin Teddy Blueger Jake Evans Adam Fox Brady Skjei
Goaltenders
Starting : Calle Clang
Backup : Alexei Kolosov
Extra Forwards
Normal : Dylan Larkin, Juraj Slafkovsky, Martin Necas - PP : Dylan Larkin, Juraj Slafkovsky - PK : Teddy Blueger
Extra Defensemen
Normal : Brady Skjei, Justin Faulk, Adam Fox - PP : Adam Fox - PK : Justin Faulk, Brady Skjei
Penalty Shots
Dylan Larkin, Vladimir Tarasenko, Martin Necas, Juraj Slafkovsky, Andreas Athanasiou
Scratches
David Rittich (Bruised Left Leg Injury)
Boston Bruins
5 vs 5 Forward
Center Left Wing Right Wing Time % Phy DF OF
1 Vincent Trocheck Alex Newhook Ryan Strome 30 1 2 2
2 Andrew Copp Evander Kane Joel Farabee 30 1 2 2
3 Matthew Beniers Anders Lee Morgan Geekie 25 1 2 2
4 Eetu Luostarinen Angus Crookshank John-Jason Peterka 15 1 2 2
5 vs 5 Defense
Defense Defense Time % Phy DF OF
1 Torey Krug Kaedan Korczak 30 1 2 2
2 Connor Clifton Ty Emberson 30 1 2 2
3 Yegor Zamula John Ludvig 25 1 2 2
4 Torey Krug Connor Clifton 15 1 2 2
PowerPlay Forward
Center Left Wing Right Wing Time % Phy DF OF
1 Vincent Trocheck Alex Newhook Ryan Strome 50 1 2 2
2 Andrew Copp Evander Kane Joel Farabee 50 1 2 2
PowerPlay Defense
Defense Defense Time % Phy DF OF
1 Torey Krug Kaedan Korczak 50 1 2 2
2 Connor Clifton Ty Emberson 50 1 2 2
Penalty Kill 4 Players Forward
Center Wing Time % Phy DF OF
1 Vincent Trocheck Andrew Copp 50 1 2 2
2 Ryan Strome Joel Farabee 50 1 2 2
Penalty Kill 4 Players Defense
Defense Defense Time % Phy DF OF
1 Torey Krug John Ludvig 50 1 2 2
2 Connor Clifton Ty Emberson 50 1 2 2
Penalty Kill - 3 Players Forward
Forward Time % Phy DF OF
1 Vincent Trocheck 50 1 2 2
2 Ryan Strome 50 1 2 2
Penalty Kill - 3 Players Defense
Defense Defense Time % Phy DF OF
1 Torey Krug John Ludvig 50 1 2 2
2 Connor Clifton Ty Emberson 50 1 2 2
4 vs 4 Forward
Center Wing Time % Phy DF OF
1 Vincent Trocheck Anders Lee 50 1 2 2
2 Ryan Strome Joel Farabee 50 1 2 2
4 vs 4 Defense
Defense Defense Time % Phy DF OF
1 Torey Krug Kaedan Korczak 50 1 2 2
2 Connor Clifton Ty Emberson 50 1 2 2
Last Minutes Offensive
Center Left Wing Right Wing Defense Defense
Vincent Trocheck Alex Newhook Ryan Strome Torey Krug Kaedan Korczak
Last Minutes Defensive
Center Left Wing Right Wing Defense Defense
Vincent Trocheck Alex Newhook Ryan Strome Torey Krug Kaedan Korczak
Goaltenders
Starting : Petr Mrazek
Backup : Pyotr Kochetkov
Extra Forwards
Normal : Matthew Beniers, Anders Lee, Morgan Geekie - PP : Matthew Beniers, Anders Lee - PK : Morgan Geekie
Extra Defensemen
Normal : Torey Krug, John Ludvig, Connor Clifton - PP : Torey Krug - PK : John Ludvig, Connor Clifton
Penalty Shots
Vincent Trocheck, Matthew Beniers, Ryan Strome, Joel Farabee, Andrew Copp
Scratches
Anthony Beauvillier (Healthy), Drew O'Connor (Healthy), Alex Vlasic (Sprained Right Finger Injury), Ryan Lindgren (Bruised Right Foot Injury), Beck Malenstyn (Healthy)
Viktor Arvidsson (Sprained Left Knee Injury)
% Time on Ice - Montreal Canadiens
Lines # - Real PCT - Wanted PCT - Time Play
Normal Forward
1 - 32% - 35% - 15:50
2 - 30% - 35% - 14:57
3 - 19% - 20% - 9:35
4 - 18% - 10% - 9:01
Normal Defense
1 - 33% - 35% - 16:21
2 - 34% - 30% - 16:40
3 - 24% - 20% - 11:45
4 - 9% - 15% - 4:37
PP Forward
1 - 49% - 50% - 2:50
2 - 51% - 50% - 2:54
PP Defense
1 - 51% - 50% - 2:55
2 - 49% - 50% - 2:49
PK Forward
1 - 49% - 50% - 1:57
2 - 51% - 50% - 2:01
PK Defense
1 - 44% - 50% - 1:45
2 - 56% - 50% - 2:13
PK3 Forward
1 - 0% - 50%
2 - 0% - 50%
PK3 Defense
1 - 0% - 50%
2 - 0% - 50%
44 Forward
1 - 100% - 50% - 0:16
2 - 0% - 50% - 0:00
44 Defense
1 - 100% - 50% - 0:16
2 - 0% - 50% - 0:00
Last Minute Offensive - 0:00
Last Minute Defensive - 0:55
Total
Forward - 60:16
Defense - 60:16
|
% Time on Ice - Boston Bruins
Lines # - Real PCT - Wanted PCT - Time Play
Normal Forward
1 - 27% - 30% - 13:17
2 - 27% - 30% - 13:34
3 - 29% - 25% - 14:22
4 - 17% - 15% - 8:10
Normal Defense
1 - 30% - 30% - 14:47
2 - 29% - 30% - 14:31
3 - 29% - 25% - 14:23
4 - 12% - 15% - 5:42
PP Forward
1 - 49% - 50% - 1:56
2 - 51% - 50% - 2:02
PP Defense
1 - 35% - 50% - 1:23
2 - 65% - 50% - 2:35
PK Forward
1 - 51% - 50% - 2:56
2 - 49% - 50% - 2:48
PK Defense
1 - 44% - 50% - 2:33
2 - 56% - 50% - 3:11
PK3 Forward
1 - 0% - 50%
2 - 0% - 50%
PK3 Defense
1 - 0% - 50%
2 - 0% - 50%
44 Forward
1 - 100% - 50% - 0:16
2 - 0% - 50% - 0:00
44 Defense
1 - 100% - 50% - 0:16
2 - 0% - 50% - 0:00
Last Minute Offensive - 0:55
Last Minute Defensive - 0:00
Total
Forward - 60:16
Defense - 60:16
|
Play-by-Play
1st period
0:01 of 1st period - Dylan Larkin wins face-off versus Vincent Trocheck in neutral zone.
0:10 of 1st period - Wrist shot by Vladimir Tarasenko.
0:10 of 1st period - Stopped by Petr Mrazek without a rebound.
0:11 of 1st period - Teddy Blueger wins face-off versus Andrew Copp in Boston Bruins zone.
0:14 of 1st period - Snap shot by Patrik Laine.
0:14 of 1st period - Shot Blocked by Connor Clifton.
0:28 of 1st period - Teddy Blueger is hit by Ty Emberson and loses puck.
0:41 of 1st period - Wrist shot by Evgeni Dadonov.
0:41 of 1st period - Stopped by Petr Mrazek without a rebound.
0:42 of 1st period - Ryan Poehling wins face-off versus Matthew Beniers in Boston Bruins zone.
0:49 of 1st period - Wrist shot by Ryan Poehling.
0:49 of 1st period - Shot Blocked by Yegor Zamula.
1:03 of 1st period - Minor Penalty to Anders Lee for Slashing.
1:04 of 1st period - Dylan Larkin wins face-off versus Vincent Trocheck in Boston Bruins zone.
1:55 of 1st period - Slapshot by Joel Farabee.
1:55 of 1st period - Stopped by Calle Clang with a rebound.
2:10 of 1st period - Icing by Brady Skjei.
2:11 of 1st period - Vincent Trocheck wins face-off versus Dylan Larkin in Montreal Canadiens zone.
2:14 of 1st period - Snap shot by Vincent Trocheck.
2:14 of 1st period - Deflect By Andrew Copp.
2:14 of 1st period - Shot Misses the Net.
2:14 of 1st period - Puck is out of play.
2:15 of 1st period - Teddy Blueger wins face-off versus Vincent Trocheck in Montreal Canadiens zone.
2:15 of 1st period - Teddy Blueger is hit by Vincent Trocheck.
2:45 of 1st period - Ty Emberson is hit by Martin Necas and loses puck.
3:03 of 1st period - Penalty to Anders Lee is over, Anders Lee is back on ice.
4:01 of 1st period - Wrist shot by Vincent Trocheck.
4:01 of 1st period - Shot Misses the Net.
4:03 of 1st period - Snap shot by Alex Newhook.
4:03 of 1st period - Shot Misses the Net.
4:15 of 1st period - Jack Johnson is hit by Andrew Copp and loses puck.
4:22 of 1st period - Wrist shot by Patrik Laine.
4:22 of 1st period - Stopped by Petr Mrazek with a rebound.
4:24 of 1st period - Slapshot by Jack Johnson.
4:24 of 1st period - Stopped by Petr Mrazek without a rebound.
4:25 of 1st period - Vincent Trocheck wins face-off versus Teddy Blueger in Boston Bruins zone.
4:50 of 1st period - Joel Farabee is hit by Vladimir Tarasenko and loses puck.
5:59 of 1st period - Snap shot by Vladimir Tarasenko.
5:59 of 1st period - Shot Blocked by Ryan Strome.
6:05 of 1st period - Snap shot by Vincent Trocheck.
6:05 of 1st period - Stopped by Calle Clang without a rebound.
6:06 of 1st period - Andrew Copp wins face-off versus Teddy Blueger in Montreal Canadiens zone.
6:11 of 1st period - Snap shot by Andrew Copp.
6:11 of 1st period - Stopped by Calle Clang without a rebound.
6:12 of 1st period - Andrew Copp wins face-off versus Teddy Blueger in Montreal Canadiens zone.
6:13 of 1st period - Wrist shot by Joel Farabee.
6:13 of 1st period - Goal by Joel Farabee - Montreal Canadiens : 0 - Boston Bruins : 1.
6:14 of 1st period - Vincent Trocheck wins face-off versus Dylan Larkin in neutral zone.
6:36 of 1st period - Icing by Ryan Strome.
6:37 of 1st period - Teddy Blueger wins face-off versus Andrew Copp in Boston Bruins zone.
6:40 of 1st period - Snap shot by Martin Necas.
6:40 of 1st period - Shot Misses the Net.
6:48 of 1st period - Off-side.
6:49 of 1st period - Vincent Trocheck wins face-off versus Dylan Larkin in neutral zone.
6:52 of 1st period - Justin Faulk is hit by Ryan Strome and loses puck.
6:57 of 1st period - Backhand shot by Vincent Trocheck.
6:57 of 1st period - Stopped by Calle Clang without a rebound.
6:58 of 1st period - Vincent Trocheck wins face-off versus Dylan Larkin in Montreal Canadiens zone.
7:01 of 1st period - Wrist shot by Vincent Trocheck.
7:01 of 1st period - Stopped by Calle Clang with a rebound.
7:03 of 1st period - Wrist shot by Vincent Trocheck.
7:03 of 1st period - Shot Blocked by Vladimir Tarasenko.
7:05 of 1st period - Snap shot by Vincent Trocheck.
7:05 of 1st period - Stopped by Calle Clang with a rebound.
7:07 of 1st period - Snap shot by Vincent Trocheck.
7:07 of 1st period - Stopped by Calle Clang with a rebound.
7:17 of 1st period - Wrist shot by Vincent Trocheck.
7:17 of 1st period - Stopped by Calle Clang without a rebound.
7:18 of 1st period - Teddy Blueger wins face-off versus Andrew Copp in Montreal Canadiens zone.
7:33 of 1st period - Snap shot by Martin Necas.
7:33 of 1st period - Shot Misses the Net.
7:45 of 1st period - Connor Clifton is hit by Evgeni Dadonov.
8:07 of 1st period - Snap shot by Anders Lee.
8:07 of 1st period - Stopped by Calle Clang with a rebound.
8:15 of 1st period - Juraj Slafkovsky is hit by Connor Clifton and loses puck.
8:32 of 1st period - Wrist shot by Alex Iafallo.
8:32 of 1st period - Stopped by Petr Mrazek with a rebound.
9:09 of 1st period - Icing by Andrew Copp.
9:10 of 1st period - Ryan Poehling wins face-off versus Morgan Geekie in Boston Bruins zone.
9:16 of 1st period - Icing by Torey Krug.
9:17 of 1st period - Matthew Beniers wins face-off versus Teddy Blueger in Boston Bruins zone.
9:17 of 1st period - Matthew Beniers is hit by Martin Necas.
10:19 of 1st period - Wrist shot by Martin Necas.
10:19 of 1st period - Deflect By Patrik Laine.
10:19 of 1st period - Stopped by Petr Mrazek with a rebound.
10:51 of 1st period - Snap shot by Patrik Laine.
10:51 of 1st period - Deflect By Torey Krug.
10:51 of 1st period - Shot Blocked by Kaedan Korczak.
10:51 of 1st period - Puck is out of play.
10:52 of 1st period - Dylan Larkin wins face-off versus Vincent Trocheck in Boston Bruins zone.
11:01 of 1st period - Slapshot by Vladimir Tarasenko.
11:01 of 1st period - Deflect By Vincent Trocheck.
11:01 of 1st period - Stopped by Petr Mrazek with a rebound.
11:19 of 1st period - Jake Evans is hit by Joel Farabee and loses puck.
11:28 of 1st period - Joel Farabee is hit by Justin Faulk and loses puck.
11:41 of 1st period - Slapshot by John-Jason Peterka.
11:41 of 1st period - Shot Misses the Net.
11:57 of 1st period - Minor Penalty to Ilya Lyubushkin for Roughing.
11:58 of 1st period - Vincent Trocheck wins face-off versus Alex Iafallo in Montreal Canadiens zone.
12:15 of 1st period - Snap shot by Vincent Trocheck.
12:15 of 1st period - Stopped by Calle Clang with a rebound.
13:57 of 1st period - Penalty to Ilya Lyubushkin is over, Ilya Lyubushkin is back on ice.
14:46 of 1st period - Icing by Eetu Luostarinen.
14:47 of 1st period - Ryan Poehling wins face-off versus Matthew Beniers in Boston Bruins zone.
14:48 of 1st period - Snap shot by Evgeni Dadonov.
14:48 of 1st period - Shot Blocked by John Ludvig.
14:50 of 1st period - Wrist shot by Evgeni Dadonov.
14:50 of 1st period - Stopped by Petr Mrazek without a rebound.
14:51 of 1st period - Ryan Poehling wins face-off versus Matthew Beniers in Boston Bruins zone.
16:23 of 1st period - Wrist shot by Martin Necas.
16:23 of 1st period - Shot Blocked by Ryan Strome.
16:25 of 1st period - Snap shot by Teddy Blueger.
16:25 of 1st period - Shot Misses the Net.
16:35 of 1st period - Wrist shot by Alex Iafallo.
16:35 of 1st period - Shot Blocked by Morgan Geekie.
16:45 of 1st period - Wrist shot by Morgan Geekie.
16:45 of 1st period - Shot Misses the Net.
17:19 of 1st period - Slapshot by Martin Necas.
17:19 of 1st period - Stopped by Petr Mrazek without a rebound.
17:20 of 1st period - Eetu Luostarinen wins face-off versus Dylan Larkin in Boston Bruins zone.
17:20 of 1st period - Eetu Luostarinen is hit by Brady Skjei.
18:09 of 1st period - Slapshot by Ty Emberson.
18:09 of 1st period - Stopped by Calle Clang with a rebound.
18:11 of 1st period - Wrist shot by Joel Farabee.
18:11 of 1st period - Stopped by Calle Clang with a rebound.
18:13 of 1st period - Snap shot by Evander Kane.
18:13 of 1st period - Stopped by Calle Clang with a rebound.
18:15 of 1st period - Wrist shot by Joel Farabee.
18:15 of 1st period - Stopped by Calle Clang without a rebound.
18:16 of 1st period - Dylan Larkin wins face-off versus Andrew Copp in Montreal Canadiens zone.
18:25 of 1st period - Snap shot by Evander Kane.
18:25 of 1st period - Stopped by Calle Clang without a rebound.
18:26 of 1st period - Andrew Copp wins face-off versus Dylan Larkin in Montreal Canadiens zone.
18:38 of 1st period - Off-side.
18:39 of 1st period - Dylan Larkin wins face-off versus Vincent Trocheck in neutral zone.
18:44 of 1st period - Snap shot by Vladimir Tarasenko.
18:44 of 1st period - Stopped by Petr Mrazek with a rebound.
18:46 of 1st period - Minor Penalty to Connor Clifton for Holding.
18:47 of 1st period - Teddy Blueger wins face-off versus Ryan Strome in Boston Bruins zone.
18:48 of 1st period - Wrist shot by Patrik Laine.
18:48 of 1st period - Stopped by Petr Mrazek without a rebound.
18:49 of 1st period - Teddy Blueger wins face-off versus Ryan Strome in Boston Bruins zone.
18:58 of 1st period - Wrist shot by Patrik Laine.
18:58 of 1st period - Stopped by Petr Mrazek with a rebound.
19:00 of 1st period - Backhand shot by Brady Skjei.
19:00 of 1st period - Shot Blocked by Ryan Strome.
19:02 of 1st period - Slapshot by Brady Skjei.
19:02 of 1st period - Stopped by Petr Mrazek without a rebound.
19:03 of 1st period - Dylan Larkin wins face-off versus Vincent Trocheck in Boston Bruins zone.
19:04 of 1st period - Snap shot by Juraj Slafkovsky.
19:04 of 1st period - Shot Misses the Net.
19:23 of 1st period - Icing by Justin Faulk.
19:24 of 1st period - Vincent Trocheck wins face-off versus Dylan Larkin in Montreal Canadiens zone.
19:37 of 1st period - Slapshot by Andrew Copp.
19:37 of 1st period - Stopped by Calle Clang without a rebound.
19:38 of 1st period - Ryan Strome wins face-off versus Teddy Blueger in Montreal Canadiens zone.
19:48 of 1st period - Slapshot by Damon Severson.
19:48 of 1st period - Goal by Damon Severson - Montreal Canadiens : 1 - Boston Bruins : 1.
19:49 of 1st period - Vincent Trocheck wins face-off versus Dylan Larkin in neutral zone.
19:58 of 1st period - Wrist shot by Vincent Trocheck.
19:58 of 1st period - Stopped by Calle Clang without a rebound.
19:59 of 1st period - Vincent Trocheck wins face-off versus Vladimir Tarasenko in Montreal Canadiens zone.
Goals for this period are 1 for Montreal Canadiens vs 1 for Boston Bruins.
Shots for this period are 14 for Montreal Canadiens vs 18 for Boston Bruins.
2nd period
0:01 of 2nd period - Andrew Copp wins face-off versus Teddy Blueger in neutral zone.
0:59 of 2nd period - Connor Clifton is hit by Ryan Poehling and loses puck.
1:34 of 2nd period - Snap shot by Joel Farabee.
1:34 of 2nd period - Stopped by Calle Clang with a rebound.
1:36 of 2nd period - Snap shot by Connor Clifton.
1:36 of 2nd period - Deflect By Joel Farabee.
1:36 of 2nd period - Shot Misses the Net.
1:36 of 2nd period - Puck is out of play.
1:37 of 2nd period - Dylan Larkin wins face-off versus Vincent Trocheck in Montreal Canadiens zone.
1:50 of 2nd period - Snap shot by Vladimir Tarasenko.
1:50 of 2nd period - Deflect By Juraj Slafkovsky.
1:50 of 2nd period - Shot Blocked by Vincent Trocheck.
1:50 of 2nd period - Puck is out of play.
1:51 of 2nd period - Andrew Copp wins face-off versus Martin Necas in Boston Bruins zone.
2:04 of 2nd period - Slapshot by Brady Skjei.
2:04 of 2nd period - Stopped by Petr Mrazek without a rebound.
2:05 of 2nd period - Vladimir Tarasenko wins face-off versus Vincent Trocheck in Boston Bruins zone.
2:55 of 2nd period - Justin Faulk is hit by John Ludvig and loses puck.
3:25 of 2nd period - Icing by Alex Iafallo.
3:26 of 2nd period - Vincent Trocheck wins face-off versus Andreas Athanasiou in Montreal Canadiens zone.
4:01 of 2nd period - Snap shot by Juraj Slafkovsky.
4:01 of 2nd period - Shot Misses the Net.
4:21 of 2nd period - Snap shot by Matthew Beniers.
4:21 of 2nd period - Stopped by Calle Clang without a rebound.
4:22 of 2nd period - Teddy Blueger wins face-off versus Matthew Beniers in Montreal Canadiens zone.
4:39 of 2nd period - Wrist shot by Anders Lee.
4:39 of 2nd period - Shot Misses the Net.
4:41 of 2nd period - Slapshot by John Ludvig.
4:41 of 2nd period - Shot Misses the Net.
4:43 of 2nd period - Wrist shot by Morgan Geekie.
4:43 of 2nd period - Stopped by Calle Clang without a rebound.
4:44 of 2nd period - Vincent Trocheck wins face-off versus Dylan Larkin in Montreal Canadiens zone.
5:13 of 2nd period - Snap shot by Martin Necas.
5:13 of 2nd period - Shot Blocked by Kaedan Korczak.
5:17 of 2nd period - Wrist shot by Martin Necas.
5:17 of 2nd period - Stopped by Petr Mrazek without a rebound.
5:18 of 2nd period - Dylan Larkin wins face-off versus Andrew Copp in Boston Bruins zone.
5:25 of 2nd period - Slapshot by Dylan Larkin.
5:25 of 2nd period - Stopped by Petr Mrazek without a rebound.
5:26 of 2nd period - Andrew Copp wins face-off versus Dylan Larkin in Boston Bruins zone.
5:57 of 2nd period - Wrist shot by Vladimir Tarasenko.
5:57 of 2nd period - Stopped by Petr Mrazek without a rebound.
5:58 of 2nd period - Teddy Blueger wins face-off versus Vincent Trocheck in Boston Bruins zone.
6:23 of 2nd period - Ryan Strome is hit by Ethen Frank and loses puck.
7:10 of 2nd period - Wrist shot by Alex Iafallo.
7:10 of 2nd period - Stopped by Petr Mrazek with a rebound.
7:24 of 2nd period - Snap shot by Andreas Athanasiou.
7:24 of 2nd period - Shot Blocked by Torey Krug.
8:02 of 2nd period - Ethen Frank is hit by Vincent Trocheck and loses puck.
8:19 of 2nd period - Wrist shot by Andreas Athanasiou.
8:19 of 2nd period - Shot Misses the Net.
8:21 of 2nd period - Wrist shot by Alex Iafallo.
8:21 of 2nd period - Stopped by Petr Mrazek with a rebound.
8:23 of 2nd period - Slapshot by Damon Severson.
8:23 of 2nd period - Stopped by Petr Mrazek with a rebound.
8:25 of 2nd period - Slapshot by Alex Iafallo.
8:25 of 2nd period - Shot Blocked by Torey Krug.
8:27 of 2nd period - Slapshot by Damon Severson.
8:27 of 2nd period - Stopped by Petr Mrazek with a rebound.
8:35 of 2nd period - Slapshot by Andreas Athanasiou.
8:35 of 2nd period - Shot Misses the Net.
8:37 of 2nd period - Snap shot by Andreas Athanasiou.
8:37 of 2nd period - Shot Misses the Net.
8:39 of 2nd period - Wrist shot by Alex Iafallo.
8:39 of 2nd period - Stopped by Petr Mrazek with a rebound.
8:41 of 2nd period - Wrist shot by Alex Iafallo.
8:41 of 2nd period - Stopped by Petr Mrazek without a rebound.
8:42 of 2nd period - Teddy Blueger wins face-off versus Joel Farabee in Boston Bruins zone.
8:57 of 2nd period - Snap shot by Andrew Copp.
8:57 of 2nd period - Stopped by Calle Clang with a rebound.
9:07 of 2nd period - Snap shot by Matthew Beniers.
9:07 of 2nd period - Shot Misses the Net.
9:09 of 2nd period - Snap shot by Matthew Beniers.
9:09 of 2nd period - Shot Blocked by Adam Fox.
9:11 of 2nd period - Slapshot by John Ludvig.
9:11 of 2nd period - Stopped by Calle Clang without a rebound.
9:12 of 2nd period - Matthew Beniers wins face-off versus Vladimir Tarasenko in Montreal Canadiens zone.
9:21 of 2nd period - Snap shot by Morgan Geekie.
9:21 of 2nd period - Deflect By Anders Lee.
9:21 of 2nd period - Shot Misses the Net.
9:21 of 2nd period - Puck is out of play.
9:22 of 2nd period - Teddy Blueger wins face-off versus Matthew Beniers in Montreal Canadiens zone.
9:37 of 2nd period - Snap shot by Matthew Beniers.
9:37 of 2nd period - Deflect By Patrik Laine.
9:37 of 2nd period - Shot Misses the Net.
9:37 of 2nd period - Puck is out of play.
9:38 of 2nd period - Dylan Larkin wins face-off versus Andrew Copp in Montreal Canadiens zone.
9:53 of 2nd period - Snap shot by Dylan Larkin.
9:53 of 2nd period - Shot Misses the Net.
10:05 of 2nd period - Martin Necas is hit by Angus Crookshank and loses puck.
10:32 of 2nd period - Brady Skjei is hit by Yegor Zamula and loses puck.
11:01 of 2nd period - Wrist shot by Joel Farabee.
11:01 of 2nd period - Goal by Joel Farabee - Montreal Canadiens : 1 - Boston Bruins : 2.
11:02 of 2nd period - Teddy Blueger wins face-off versus Andrew Copp in neutral zone.
12:34 of 2nd period - Icing by Andrew Copp.
12:35 of 2nd period - Teddy Blueger wins face-off versus Evander Kane in Boston Bruins zone.
12:44 of 2nd period - Slapshot by Patrik Laine.
12:44 of 2nd period - Stopped by Petr Mrazek without a rebound.
12:45 of 2nd period - Dylan Larkin wins face-off versus Andrew Copp in Boston Bruins zone.
13:17 of 2nd period - Damon Severson is hit by Matthew Beniers and loses puck.
13:40 of 2nd period - Snap shot by John-Jason Peterka.
13:40 of 2nd period - Shot Misses the Net.
13:42 of 2nd period - Snap shot by John-Jason Peterka.
13:42 of 2nd period - Stopped by Calle Clang with a rebound.
13:44 of 2nd period - Snap shot by Eetu Luostarinen.
13:44 of 2nd period - Stopped by Calle Clang with a rebound.
14:20 of 2nd period - Snap shot by Andrew Copp.
14:20 of 2nd period - Stopped by Calle Clang with a rebound.
14:22 of 2nd period - Wrist shot by Andrew Copp.
14:22 of 2nd period - Shot Blocked by Vladimir Tarasenko.
14:33 of 2nd period - Icing by Vladimir Tarasenko.
14:34 of 2nd period - Ethen Frank wins face-off versus Matthew Beniers in Montreal Canadiens zone.
14:51 of 2nd period - Anders Lee is hit by Alex Iafallo and loses puck.
15:16 of 2nd period - Kaedan Korczak is hit by Ilya Lyubushkin and loses puck.
15:41 of 2nd period - Minor Penalty to Juraj Slafkovsky for Interference.
15:42 of 2nd period - Jake Evans wins face-off versus Andrew Copp in Montreal Canadiens zone.
16:06 of 2nd period - Adam Fox is hit by Connor Clifton and loses puck.
16:21 of 2nd period - Justin Faulk is hit by Vincent Trocheck and loses puck.
16:54 of 2nd period - Joel Farabee is hit by Damon Severson and loses puck.
17:07 of 2nd period - Justin Faulk is hit by Ty Emberson and loses puck.
17:41 of 2nd period - Penalty to Juraj Slafkovsky is over, Juraj Slafkovsky is back on ice.
17:54 of 2nd period - Wrist shot by Dylan Larkin.
17:54 of 2nd period - Shot Misses the Net.
17:56 of 2nd period - Snap shot by Vladimir Tarasenko.
17:56 of 2nd period - Deflect By Dylan Larkin.
17:56 of 2nd period - Stopped by Petr Mrazek without a rebound.
17:57 of 2nd period - Dylan Larkin wins face-off versus Eetu Luostarinen in Boston Bruins zone.
17:58 of 2nd period - Snap shot by Vladimir Tarasenko.
17:58 of 2nd period - Shot Blocked by Yegor Zamula.
18:00 of 2nd period - Backhand shot by Dylan Larkin.
18:00 of 2nd period - Stopped by Petr Mrazek without a rebound.
18:01 of 2nd period - Eetu Luostarinen wins face-off versus Vladimir Tarasenko in Boston Bruins zone.
18:22 of 2nd period - Minor Penalty to Yegor Zamula for Holding Stick.
18:23 of 2nd period - Teddy Blueger wins face-off versus Vincent Trocheck in Boston Bruins zone.
18:28 of 2nd period - Snap shot by Vladimir Tarasenko.
18:28 of 2nd period - Shot Blocked by Torey Krug.
18:52 of 2nd period - Snap shot by Dylan Larkin.
18:52 of 2nd period - Shot Blocked by Vincent Trocheck.
18:54 of 2nd period - Slapshot by Brady Skjei.
18:54 of 2nd period - Stopped by Petr Mrazek without a rebound.
18:55 of 2nd period - Dylan Larkin wins face-off versus Vincent Trocheck in Boston Bruins zone.
19:04 of 2nd period - Wrist shot by Martin Necas.
19:04 of 2nd period - Shot Hit the Post.
19:06 of 2nd period - Slapshot by Dylan Larkin.
19:06 of 2nd period - Goal by Dylan Larkin - Montreal Canadiens : 2 - Boston Bruins : 2.
19:07 of 2nd period - Teddy Blueger wins face-off versus Andrew Copp in neutral zone.
19:36 of 2nd period - Snap shot by Morgan Geekie.
19:36 of 2nd period - Stopped by Calle Clang without a rebound.
19:37 of 2nd period - Matthew Beniers wins face-off versus Dylan Larkin in Montreal Canadiens zone.
19:48 of 2nd period - Wrist shot by Matthew Beniers.
19:48 of 2nd period - Goal by Matthew Beniers - Montreal Canadiens : 2 - Boston Bruins : 3.
19:49 of 2nd period - Teddy Blueger wins face-off versus Andrew Copp in neutral zone.
Goals for this period are 1 for Montreal Canadiens vs 2 for Boston Bruins.
Shots for this period are 15 for Montreal Canadiens vs 11 for Boston Bruins.
3rd period
0:01 of 3rd period - Teddy Blueger wins face-off versus Andrew Copp in neutral zone.
0:05 of 3rd period - Icing by Connor Clifton.
0:06 of 3rd period - Teddy Blueger wins face-off versus Andrew Copp in Boston Bruins zone.
0:07 of 3rd period - Slapshot by Martin Necas.
0:07 of 3rd period - Shot Blocked by Ty Emberson.
0:09 of 3rd period - Slapshot by Patrik Laine.
0:09 of 3rd period - Deflect By Teddy Blueger.
0:09 of 3rd period - Stopped by Petr Mrazek without a rebound.
0:10 of 3rd period - Andrew Copp wins face-off versus Teddy Blueger in Boston Bruins zone.
0:10 of 3rd period - Andrew Copp is hit by Teddy Blueger.
0:32 of 3rd period - Wrist shot by Martin Necas.
0:32 of 3rd period - Shot Blocked by Ty Emberson.
0:34 of 3rd period - Slapshot by Brady Skjei.
0:34 of 3rd period - Shot Misses the Net.
0:36 of 3rd period - Snap shot by Brady Skjei.
0:36 of 3rd period - Stopped by Petr Mrazek without a rebound.
0:37 of 3rd period - Dylan Larkin wins face-off versus Vincent Trocheck in Boston Bruins zone.
2:07 of 3rd period - Wrist shot by John-Jason Peterka.
2:07 of 3rd period - Shot Blocked by Jack Johnson.
2:33 of 3rd period - Teddy Blueger is hit by Evander Kane and loses puck.
4:00 of 3rd period - Snap shot by Matthew Beniers.
4:00 of 3rd period - Stopped by Calle Clang without a rebound.
4:01 of 3rd period - Vincent Trocheck wins face-off versus Dylan Larkin in Montreal Canadiens zone.
4:08 of 3rd period - Vincent Trocheck is hit by Dylan Larkin and loses puck.
4:27 of 3rd period - Justin Faulk is hit by Andrew Copp and loses puck.
4:38 of 3rd period - Slapshot by Andrew Copp.
4:38 of 3rd period - Deflect By Joel Farabee.
4:38 of 3rd period - Shot Misses the Net.
4:38 of 3rd period - Puck is out of play.
4:39 of 3rd period - Dylan Larkin wins face-off versus Eetu Luostarinen in Montreal Canadiens zone.
5:08 of 3rd period - Patrik Laine is hit by Yegor Zamula and loses puck.
5:25 of 3rd period - Joel Farabee is hit by Jake Evans and loses puck.
5:30 of 3rd period - Wrist shot by Ryan Poehling.
5:30 of 3rd period - Deflect By Jake Evans.
5:30 of 3rd period - Stopped by Petr Mrazek without a rebound.
5:31 of 3rd period - Ryan Poehling wins face-off versus Andrew Copp in Boston Bruins zone.
5:48 of 3rd period - Slapshot by Ryan Poehling.
5:48 of 3rd period - Stopped by Petr Mrazek without a rebound.
5:49 of 3rd period - Vincent Trocheck wins face-off versus Vladimir Tarasenko in Boston Bruins zone.
6:07 of 3rd period - Minor Penalty to Connor Clifton for Tripping.
6:08 of 3rd period - Vladimir Tarasenko wins face-off versus Ryan Strome in Boston Bruins zone.
6:11 of 3rd period - Wrist shot by Vladimir Tarasenko.
6:11 of 3rd period - Shot Blocked by John Ludvig.
6:16 of 3rd period - Off-side.
6:17 of 3rd period - Ryan Strome wins face-off versus Teddy Blueger in neutral zone.
6:36 of 3rd period - Wrist shot by Vladimir Tarasenko.
6:36 of 3rd period - Shot Misses the Net.
6:38 of 3rd period - Snap shot by Justin Faulk.
6:38 of 3rd period - Stopped by Petr Mrazek without a rebound.
6:39 of 3rd period - Ryan Strome wins face-off versus Dylan Larkin in Boston Bruins zone.
6:50 of 3rd period - Wrist shot by Martin Necas.
6:50 of 3rd period - Shot Blocked by John Ludvig.
8:07 of 3rd period - Penalty to Connor Clifton is over, Connor Clifton is back on ice.
8:36 of 3rd period - Wrist shot by Eetu Luostarinen.
8:36 of 3rd period - Stopped by Calle Clang with a rebound.
8:38 of 3rd period - Slapshot by Yegor Zamula.
8:38 of 3rd period - Shot Misses the Net.
8:54 of 3rd period - Jake Evans is hit by Alex Newhook and loses puck.
9:16 of 3rd period - Ilya Lyubushkin is hit by Ty Emberson.
10:18 of 3rd period - Yegor Zamula is hit by Vladimir Tarasenko and loses puck.
10:39 of 3rd period - Alex Iafallo is hit by Alex Newhook and loses puck.
10:52 of 3rd period - Adam Fox is hit by Joel Farabee.
11:11 of 3rd period - John-Jason Peterka is hit by Brady Skjei and loses puck.
11:30 of 3rd period - Vincent Trocheck is hit by Evgeni Dadonov and loses puck.
11:37 of 3rd period - Wrist shot by Evgeni Dadonov.
11:37 of 3rd period - Stopped by Petr Mrazek with a rebound.
12:13 of 3rd period - Snap shot by Martin Necas.
12:13 of 3rd period - Shot Blocked by Ty Emberson.
12:15 of 3rd period - Snap shot by Teddy Blueger.
12:15 of 3rd period - Montreal Canadiens goal is going for a video replay.
12:15 of 3rd period - The goal is good.
12:15 of 3rd period - Goal by Teddy Blueger - Montreal Canadiens : 3 - Boston Bruins : 3.
12:16 of 3rd period - Teddy Blueger wins face-off versus Andrew Copp in neutral zone.
13:04 of 3rd period - Slapshot by Brady Skjei.
13:04 of 3rd period - Deflect By Yegor Zamula.
13:04 of 3rd period - Stopped by Petr Mrazek without a rebound.
13:05 of 3rd period - Ethen Frank wins face-off versus Matthew Beniers in Boston Bruins zone.
13:30 of 3rd period - Morgan Geekie is hit by Vladimir Tarasenko and loses puck.
13:35 of 3rd period - Wrist shot by Dylan Larkin.
13:35 of 3rd period - Deflect By Vladimir Tarasenko.
13:35 of 3rd period - Shot Blocked by Morgan Geekie.
13:35 of 3rd period - Puck is out of play.
13:36 of 3rd period - Andrew Copp wins face-off versus Dylan Larkin in Boston Bruins zone.
14:11 of 3rd period - Backhand shot by Dylan Larkin.
14:11 of 3rd period - Shot Misses the Net.
14:19 of 3rd period - Snap shot by Dylan Larkin.
14:19 of 3rd period - Stopped by Petr Mrazek with a rebound.
14:21 of 3rd period - Snap shot by Juraj Slafkovsky.
14:21 of 3rd period - Goal by Juraj Slafkovsky - Montreal Canadiens : 4 - Boston Bruins : 3.
14:22 of 3rd period - Teddy Blueger wins face-off versus Vincent Trocheck in neutral zone.
14:25 of 3rd period - Alex Newhook is hit by Teddy Blueger and loses puck.
15:01 of 3rd period - Slapshot by Ty Emberson.
15:01 of 3rd period - Shot Blocked by Juraj Slafkovsky.
16:02 of 3rd period - Slapshot by Vincent Trocheck.
16:02 of 3rd period - Stopped by Calle Clang with a rebound.
16:04 of 3rd period - Snap shot by Vincent Trocheck.
16:04 of 3rd period - Shot Misses the Net.
16:44 of 3rd period - Snap shot by Vladimir Tarasenko.
16:44 of 3rd period - Deflect By Dylan Larkin.
16:44 of 3rd period - Stopped by Petr Mrazek with a rebound.
16:46 of 3rd period - Slapshot by Adam Fox.
16:46 of 3rd period - Shot Misses the Net.
17:03 of 3rd period - Slapshot by Yegor Zamula.
17:03 of 3rd period - Stopped by Calle Clang without a rebound.
17:04 of 3rd period - Eetu Luostarinen wins face-off versus Ryan Poehling in Montreal Canadiens zone.
17:46 of 3rd period - Slapshot by Connor Clifton.
17:46 of 3rd period - Deflect By Adam Fox.
17:46 of 3rd period - Stopped by Calle Clang without a rebound.
17:47 of 3rd period - Dylan Larkin wins face-off versus Matthew Beniers in Montreal Canadiens zone.
17:47 of 3rd period - Dylan Larkin is hit by Ty Emberson.
17:54 of 3rd period - Off-side.
17:55 of 3rd period - Ryan Poehling wins face-off versus Matthew Beniers in neutral zone.
18:08 of 3rd period - Snap shot by Evgeni Dadonov.
18:08 of 3rd period - Shot Misses the Net.
18:14 of 3rd period - Jack Johnson is hit by Morgan Geekie and loses puck.
18:23 of 3rd period - Anders Lee is hit by Ilya Lyubushkin and loses puck.
18:32 of 3rd period - Boston Bruins, Petr Mrazek is pulled from the net.
18:48 of 3rd period - Wrist shot by Morgan Geekie.
18:48 of 3rd period - Stopped by Calle Clang without a rebound.
18:49 of 3rd period - Ben Simon call a timeout for Boston Bruins.
18:49 of 3rd period - Vincent Trocheck wins face-off versus Dylan Larkin in Montreal Canadiens zone.
19:09 of 3rd period - Icing by Brady Skjei.
19:10 of 3rd period - Vincent Trocheck wins face-off versus Dylan Larkin in Montreal Canadiens zone.
19:41 of 3rd period - Wrist shot by Vincent Trocheck.
19:41 of 3rd period - Shot Misses the Net.
19:43 of 3rd period - Slapshot by Alex Newhook.
19:43 of 3rd period - Deflect By Vincent Trocheck.
19:43 of 3rd period - Goal by Vincent Trocheck - Montreal Canadiens : 4 - Boston Bruins : 4.
19:43 of 3rd period - Petr Mrazek from Boston Bruins was sent back in the game.
19:44 of 3rd period - Matthew Beniers wins face-off versus Dylan Larkin in neutral zone.
19:57 of 3rd period - Wrist shot by Morgan Geekie.
19:57 of 3rd period - Stopped by Calle Clang with a rebound.
19:59 of 3rd period - Wrist shot by Morgan Geekie.
19:59 of 3rd period - Shot Misses the Net.
Goals for this period are 2 for Montreal Canadiens vs 1 for Boston Bruins.
Shots for this period are 11 for Montreal Canadiens vs 8 for Boston Bruins.
Overtime #1
0:01 of 1st overtime period - Vincent Trocheck wins face-off versus Martin Necas in neutral zone.
0:08 of 1st overtime period - Snap shot by Anders Lee.
0:08 of 1st overtime period - Shot Misses the Net.
0:14 of 1st overtime period - Wrist shot by Martin Necas.
0:14 of 1st overtime period - Shot Misses the Net.
0:16 of 1st overtime period - Snap shot by Dylan Larkin.
0:16 of 1st overtime period - Goal by Dylan Larkin - Montreal Canadiens : 5 - Boston Bruins : 4.
Goals for this period are 1 for Montreal Canadiens vs 0 for Boston Bruins.
Shots for this period are 1 for Montreal Canadiens vs 0 for Boston Bruins.
Back to the Top